 Dungeon Crawl Stone Soup version 0.24.0-123-gd5b16e6ec5 (webtiles) character file.

Game seed: 1852368775859650207, levelgen mode: deterministic

280 Martska the Charmwright (level 6, -9/47 HPs)
             Began as a Human Skald on Feb 10, 2020.
             Was an Initiate of the Shining One.
             Mangled by an ogre
             ... wielding a +0 giant spiked club
              (17 damage)
             ... on level 5 of the Dungeon.
             The game lasted 00:09:16 (4447 turns).

Martska the Charmwright (Human Skald)               Turns: 4447, Time: 00:09:17

Health: -9/47      AC:  7    Str: 14    XL:     6   Next: 52%
Magic:  4/9        EV: 12    Int: 13    God:    the Shining One [......]
Gold:   163        SH:  0    Dex: 12    Spells: 4/10 levels left

rFire    . . .     SeeInvis .   a - +0 falchion
rCold    . . .     Gourm    .   (no shield)
rNeg     . . .     Faith    .   b - +1 leather armour
rPois    .         Spirit   .   q - +1 hat
rElec    .         Reflect  .   k - +1 cloak
rCorr    .         Harm     .   (no gloves)
MR       .....     Rnd*Tele +   (no boots)
Stlth    +.........             (no amulet)
HPRegen  0.15/turn              f - ring of teleportation (curse)
MPRegen  0.11/turn              (no ring)

@: infused, glowing
A: no striking features
a: Renounce Religion


You were on level 5 of the Dungeon.
You worshipped the Shining One.
The Shining One was noncommittal.
You were very hungry.

You visited 1 branch of the dungeon, and saw 5 of its levels.

You collected 163 gold pieces.

Inventory:

Hand Weapons
 a - a +0 falchion (weapon)
 n - a +0 dagger of venom
Missiles
 j - 63 stones (quivered)
Armour
 b - a +1 leather armour (worn)
 k - a +1 cloak (worn)
 q - a +1 hat (worn)
Jewellery
 f - a cursed ring of teleportation (left hand)
Scrolls
 c - a scroll of teleportation
 h - a scroll of immolation
 m - 4 scrolls of enchant armour
Potions
 d - 2 potions of flight
 e - a potion of curing
 g - a potion of magic
 i - a potion of brilliance {unknown}
 l - a potion of mutation {unknown}
 o - a potion of heal wounds {unknown}
 r - a potion of agility {unknown}
Comestibles
 p - 2 rations


   Skills:
 * Level 3.4 Fighting
 * Level 3.4 Long Blades
 + Level 2.0 Armour
 + Level 2.6 Dodging
 + Level 2.6 Spellcasting
 + Level 1.2 Hexes
 + Level 3.4 Charms
 + Level 1.2 Translocations
 + Level 0.8 Invocations


You had 4 spell levels left.
You knew the following spells:

 Your Spells              Type           Power        Failure   Level  Hunger
a - Infusion              Chrm           ##..         7%          1    #......
b - Shroud of Golubria    Chrm/Tloc      #.....       17%         2    ###....
c - Spectral Weapon       Hex/Chrm       #.......     34%         3    ###....

Your spell library contained the following spells:

 Spells                   Type           Power        Failure   Level  Hunger
 Song of Slaying          Chrm           ##......     11%         2    ###....
 Regeneration             Chrm/Necr      #.........   41%         3    ###....


Dungeon Overview and Level Annotations

Branches:
Dungeon (4/15)
 Temple: D:4-7

Altars:
Kikubaaqudgha
Ru
The Shining One


Message History

The ogre shouts!
You are feeling very hungry.
Casting: Spectral Weapon (safe; 34% risk of failure)
Confirm with . or Enter, or press ? or * to list all spells.
You begin infusing your attacks with magical energy.
The iguana bites you.
You barely miss the iguana.
Your spectral weapon closely misses the iguana.
The iguana bites you!
You barely miss the ogre.
Your spectral weapon hits the ogre!
The iguana bites you!
The ogre hits you with a +0 giant spiked club!!
* * * LOW HITPOINT WARNING * * *
You hit the ogre.
The ogre is moderately wounded.
Your spectral weapon hits the ogre.
The iguana bites you!
* * * LOW HITPOINT WARNING * * *
You feel better.
The ogre hits you with a +0 giant spiked club!
You die...

#..# ## ##.##
#. #..# #.
##.## #. #..#
#. ##.## . ##
##..# ... #
###..O#..... #
#...@l(.....
#...###......$
....##
##...... ..#
#..... # #....
#... ##.


You could see an ogre, an iguana and a friendly spectral +0 falchion.

Vanquished Creatures
  An ogre (D:5)
  An orc wizard (D:4)
  A worker ant (D:4)
  4 adders
  An ooze (D:2)
  A worm (D:3)
  A dart slug (D:3)
  5 leopard geckos
  5 orcs
  A ball python (D:1)
  10 giant cockroaches
  7 goblins
  10 hobgoblins
  6 jackals
  3 quokkas
  6 bats
  4 frilled lizards
  10 kobolds
  A quokka skeleton (D:3)
  9 rats
87 creatures vanquished.

Notes
Turn   | Place    | Note
-------+----------+-------------------------------------------
     0 | D:1      | Martska the Human Skald began the quest for the Orb.
     0 | D:1      | Reached XP level 1. HP: 16/16 MP: 3/3
   803 | D:1      | Reached XP level 2. HP: 13/22 MP: 5/5
  1094 | D:1      | Learned a level 2 spell: Shroud of Golubria
  1404 | D:1      | Reached XP level 3. HP: 28/28 MP: 6/6
  1412 | D:1      | Learned a level 3 spell: Spectral Weapon
  2273 | D:2      | Reached XP level 4. HP: 34/34 MP: 7/7
  2825 | D:2      | Noticed a centaur
  3099 | D:3      | Reached XP level 5. HP: 36/40 MP: 8/8
  3194 | D:3      | Found a glowing golden altar of the Shining One.
  3242 | D:3      | Became a worshipper of the Shining One
  3478 | D:3      | Found a glowing drain.
  4066 | D:3      | Found a sacrificial altar of Ru.
  4237 | D:4      | Reached skill level 1 in Hexes
  4237 | D:4      | Reached skill level 1 in Translocations
  4237 | D:4      | Reached XP level 6. HP: 46/47 MP: 6/9
  4311 | D:4      | Found an ancient bone altar of Kikubaaqudgha.
  4335 | D:4      | You fall into a shaft and drop 1 floor!
  4335 | D:5      | Entered Level 5 of the Dungeon
  4354 | D:5      | Noticed an ogre
  4363 | D:5      | Killed an ogre
  4441 | D:5      | Noticed an ogre
  4446 | D:5      | HP: 1/47 [iguana (10)]
  4447 | D:5      | Mangled by an ogre

Levels and vault maps discovered:
D:1:      psy_arrival_whirlpool, layout_loops_cross
D:2:      layout_rooms, lightli_corner_chamber
D:3:      layout_basic, tso_metal_star, nicolae_ru_path_of_blood,
          gup_sewer_entry_pipe
D:4:      layout_gridville, grunt_temple_overflow_magic_moments,
          lemuel_doored_altar, serial_shops, nicolae_shop_window_shopping,
          uniq_natasha
D:5:      layout_cave_pods, first_ration, minmay_misc_feat_plants,
          roderic_serpentine_path

Skill      XL: |  1  2  3  4  5  6 |
---------------+-------------------+-----
Long Blades    | 3 |  3.4
Fighting       | 3 |  3.4
Hexes          | 1 |  1.2
Translocations | 1 |  1.2
Armour         | 2 |  2.0
Dodging        | |  2.6
Spellcasting   | |  2.6
Charms         | |  3.4
Invocations    | |  0.8

Action                   |  1- 3 |  4- 6 || total
-------------------------+-------+-------++-------
Melee: Falchion          |   109 |   211 ||   320
 Cast: Infusion          |     2 |     6 ||     8
       Spectral Weapon   |       |     3 ||     3
  Use: Scroll            |       |     7 ||     7
       Potion            |       |     1 ||     1
  Eat: Ration            |     1 |       ||     1
       Chunk             |       |     8 ||     8
Armor: Leather armour    |    39 |    72 ||   111
Dodge: Dodged            |    95 |   171 ||   266
       Rpst.: Falchion   |    34 |    52 ||    86
